 Dungeon Crawl Stone Soup version 0.29-a0-700-g2f1814c7b2 (webtiles) character file.

Game seed: 1160136754138630593

424 gobodom the Digger (level 6, -8/34 HPs)
             Began as a Gargoyle Earth Elementalist on June 26, 2022.
             Killed by divine providence
             ... invoked by an orc priest
              (17 damage)
             ... while paralysed by an orc
             ... on level 5 of the Dungeon.
             The game lasted 00:21:07 (4858 turns).

gobodom the Digger (Gargoyle Earth Elementalist)    Turns: 4858, Time: 00:21:07

Health: -8/34      AC: 13    Str: 12    XL:     6   Next: 96%
Magic:  7/12       EV:  2    Int: 17    God:
Gold:   260        SH:  0    Dex: 10    Spells: 11/13 levels left

rFire   . . .      SeeInvis .   n - staff of earth
rCold   + . .      Faith    .   (no shield)
rNeg    + . .      Spirit   .   A - +2 animal skin
rPois   ∞          Reflect  .   B - +1 helmet
rElec   +          Harm     .   l - +0 cloak
rCorr   .          Rampage  .   (no gloves)
Will    .....                   t - +1 pair of boots
Stlth   ++........              (no amulet)
HPRegen 0.11/turn               c - ring of protection from cold
MPRegen 0.13/turn               x - +4 ring of evasion

@: paralysed
A: sickness immunity, AC +4, negative energy resistance 1, electricity
resistance, torment resistance 1, petrification resistance
a: no special abilities


You were on level 5 of the Dungeon.
You visited 1 branch of the dungeon, and saw 5 of its levels.

You collected 260 gold pieces.

Inventory:

Hand Weapons
 u - a +2 dagger of venom
 v - a +2 dagger of holy wrath
 C - a +3 dagger
 E - the +9 hand axe of Cheese {flame, *Noise Fragile Str+2 Int+8}
   (You found it on level 5 of the Dungeon)

   It burns those it strikes, dealing additional fire damage.
   Big, fiery blades are also staple armaments of hydra-hunters.
   Str:       It affects your strength (+2).
   Int:       It affects your intelligence (+8).
   *Noise:    It may make noises in combat.
   Fragile:   It will be destroyed if unequipped.
Missiles
 w - 6 poisoned darts
Armour
 l - a +0 cloak (worn)
 t - a +1 pair of boots (worn)
 A - a +2 animal skin (worn)
 B - a +1 helmet (worn)
Magical Staves
 n - a staff of earth (weapon)
Jewellery
 c - a ring of protection from cold (left hand)
 q - a ring of ice
 s - a ring of see invisible
 x - a +4 ring of evasion (right hand)
Wands
 z - a wand of flame (14)
Scrolls
 a - a scroll of fog {unknown}
 h - a scroll of vulnerability {unknown}
 i - a scroll of fear
 j - 2 scrolls of enchant armour {unknown}
 k - a scroll of noise {unknown}
 r - a scroll of enchant weapon {unknown}
 y - a scroll of immolation {unknown}
Potions
 b - a potion of magic
 d - 2 potions of heal wounds {unknown}
 e - 5 potions of curing
 f - a potion of berserk rage
 g - a potion of might
 m - 2 potions of haste {unknown}
 o - 2 potions of cancellation {unknown}
 p - 2 potions of flight {unknown}
 D - a potion of attraction {unknown}


   Skills:
 + Level 1.0 Fighting
 * Level 1.7 Staves
 + Level 2.3 Dodging
 + Level 2.7 Stealth
 + Level 4.1 Spellcasting
 + Level 1.2 Transmutations
 * Level 5.5 Earth Magic
 + Level 0.9 Poison Magic
 * Level 1.2 Evocations


You had 11 spell levels left.
You knew the following spells:

 Your Spells              Type           Power      Damage    Failure   Level
a - Sandblast             Erth           66%        2d15      1%          1
b - Sting                 Tmut/Pois      28%        1d4       10%         1

Your spell library contained the following spells:

 Spells                   Type           Power      Damage    Failure   Level
 Passwall                 Tmut/Erth      18%        N/A       6%          2
 Apportation              Tloc           6%         N/A       16%         1
 Necrotize                Necr           12%        1d4       16%         1
 Summon Small Mammal      Summ           12%        N/A       16%         1
 Stone Arrow              Conj/Erth      38%        3d9       16%         3
 Poisonous Vapours        Pois/Air       10%        N/A       19%         2
 Scorch                   Fire           6%         2d5       24%         2
 Petrify                  Tmut/Erth      22%        N/A       36%         4
 Gell's Gravitas          Tloc           3%         N/A       43%         3
 Lesser Beckoning         Tloc           3%         N/A       43%         3
 Teleport Other           Tloc           3%         N/A       43%         3
 Olgreb's Toxic Radiance  Pois           6%         N/A       71%         4
 Flame Wave               Conj/Fire      3%         2d4       83%         4
 Alistair's Intoxication  Tmut/Pois      4%         N/A       95%         5
 Summon Cactus Giant      Summ           1%         N/A       100%        6


Dungeon Overview and Level Annotations

Branches:
Dungeon (5/15)
 Temple: D:4-7

Altars:
Elyvilon
Wu Jian
Yredelemnul
Zin

Shops:
D:1 ([   D:2 *   D:4 (


Innate Abilities, Weirdness & Mutations

You are immune to sickness and miasma.
Your stone body is resilient. (AC +4)
You are immune to poison.
You resist negative energy. (rN+)
You are resistant to electric shocks. (rElec)
You are resistant to unholy torment.
You are immune to petrification.


Message History

You kill the orc!
The orc priest shoots a sling bullet.
The sling bullet closely misses you.
The orc zaps a wand.
You resist with some effort.
You feel a surge of power!
The blast of sand hits the orc but does no damage.
The orc hits you but does no damage.
You feel a surge of power!
The blast of sand hits the orc but does no damage.
The orc closely misses you.
An ice beast comes into view.
The orc barely misses you.
You hit the orc but do no damage. The orc misses you.
The orc zaps a wand.
You suddenly lose the ability to move!
The orc hits you with a +2 mace of protection.
The orc zaps a wand.
You resist with some effort. The orc hits you but does no damage.
You can move again.
You feel a surge of power!
The blast of sand hits the orc but does no damage.
The orc zaps a wand.
You shrug off the repeated paralysis!
The orc priest begins to cast a cantrip, but forgets the words!
The orc zaps a wand.
You resist with some effort.
You feel a surge of power!
The blast of sand hits the orc but does no damage.
The orc hits you but does no damage. The orc closely misses you.
You feel a surge of power!
The blast of sand hits the orc but does no damage.
The orc barely misses you. The orc hits you but does no damage.
You feel a surge of power!
The blast of sand hits the orc but does no damage.
The orc hits you with a +2 mace of protection.
The orc zaps a wand.
You suddenly lose the ability to move!
The orc priest calls down the wrath of Beogh upon you.
Beogh smites you!
* * * LOW HITPOINT WARNING * * *
The orc barely misses you.
The orc priest calls down the wrath of Beogh upon you.
Beogh smites you!
Ouch! That really hurt!
You die...

# #.# #...
.#...)######
.'...oo@...#
##...Y####.#
#... #.# #..
#†# #. #.# #
#.# #.# #.#
#.#


You could see an ice beast, an orc priest and an orc.

Vanquished Creatures
  3 scorpions
  A hound (D:5)
  An iguana (D:5)
  2 orc wizards (D:5)
  Robin (D:4)
  3 adders
  2 worms
  2 dart slugs (D:3)
  3 orcs
  12 ball pythons
  7 endoplasms
  2 giant cockroaches (D:1)
  13 goblins
  8 hobgoblins
  2 jackals (D:3)
  4 quokkas
  7 bats
  10 frilled lizards
  10 kobolds
  6 rats
99 creatures vanquished.

Notes
Turn   | Place    | Note
-------+----------+-------------------------------------------
     0 | D:1      | gobodom the Gargoyle Earth Elementalist began the quest for
                  | the Orb.
     0 | D:1      | Reached XP level 1. HP: 10/10 MP: 3/3
    59 | D:1      | Reached skill level 4 in Earth Magic
    98 | D:1      | Reached XP level 2. HP: 6/15 MP: 1/5
   283 | D:1      | Found a faded altar of an unknown god.
   635 | D:1      | Found Rupet's Armour Shop.
   732 | D:1      | Found Xuomupick's Antique Weapon Shoppe.
   824 | D:1      | Reached XP level 3. HP: 19/19 MP: 3/6
  1650 | D:2      | Reached XP level 4. HP: 24/24 MP: 5/8
  1898 | D:2      | Found Ujegy's Assorted Antiques.
  2241 | D:3      | Found a basalt altar of Yredelemnul.
  2414 | D:3      | Found a white marble altar of Elyvilon.
  2565 | D:3      | Learned a level 1 spell: Sting
  2919 | D:3      | Reached skill level 5 in Earth Magic
  3039 | D:3      | Reached XP level 5. HP: 25/28 MP: 4/10
  3540 | D:4      | Reached skill level 1 in Transmutations
  3588 | D:4      | Found an ornate altar of the Wu Jian Council.
  3820 | D:4      | Noticed Robin
  3845 | D:4      | Killed Robin
  4225 | D:4      | Found Vaaken's Weapon Emporium.
  4398 | D:4      | Found a glowing silver altar of Zin.
  4605 | D:5      | Entered Level 5 of the Dungeon
  4630 | D:5      | Reached skill level 1 in Staves
  4630 | D:5      | Reached XP level 6. HP: 29/33 MP: 11/11
  4691 | D:5      | Reached skill level 1 in Evocations
  4811 | D:5      | Identified the +9 hand axe of Cheese {flame, *Noise Fragile
                  | Str+2 Int+8}
  4842 | D:5      | Paralysed by an orc for 5 turns
  4843 | D:5      | Reached skill level 1 in Fighting
  4848 | D:5      | Noticed an ice beast
  4849 | D:5      | Paralysed by an orc for 4 turns
  4856 | D:5      | Paralysed by an orc for 5 turns
  4858 | D:5      | Killed from afar by an orc priest

Illustrated notes

Levels and vault maps discovered:
D:1:      erik_arrival_blinker_ship, layout_basic,
          dreamdust_ecumenical_altar_angels_and_demons, serial_shops, shop,
          nicolae_shop_hallway_plus, hangedman_abyss_or_decor_stabs,
          minmay_pentomino_p2
D:2:      layout_rooms, serial_shops, nicolae_shop_overgrown_old_shop,
          chequers_serial_rivers_large_b, mrwooster_statue_mirror,
          minmay_lizard_pond
D:3:      layout_basic, kennysheep_ying_yang, minmay_increasing_density
D:4:      layout_basic, mainiacjoe_overflow_swirl, serial_shops,
          nicolae_shop_advertising_works [nicolae_subvault_shop_adworks],
          uniq_robin
D:5:      layout_basic, minmay_temple_entry_from_below_b, uniq_grinder

Skill      XL: |  1  2  3  4  5  6 |
---------------+-------------------+-----
Earth Magic    | 4 5 |  5.5
Spellcasting   | 3 4 |  4.1
Transmutations | 1 |  1.2
Staves         | 1 |  1.7
Dodging        | 2 |  2.3
Evocations     | 1 |  1.2
Fighting       | 1 |  1.0
Stealth        | |  2.7
Poison Magic   | |  0.9

Action                   |  1- 3 |  4- 6 || total
-------------------------+-------+-------++-------
Melee: Whip              |    11 |       ||    11
       Short sword       |     4 |    27 ||    31
       Staff             |       |    72 ||    72
 Cast: Sandblast         |    51 |    52 ||   103
       Sting             |       |    32 ||    32
  Use: Scroll            |       |     3 ||     3
       Potion            |       |     1 ||     1
Armor: Robe              |    11 |    41 ||    52
       Animal skin       |       |    23 ||    23
Dodge: Dodged            |    15 |   126 ||   141

Table legend: (Time is in decaauts)
 A = Elapsed time spent in this place.
 B = Non-inter-level travel time spent in this place.
 C = Inter-level travel time spent in this place.
 D = Time resting spent in this place.
 E = Time spent auto-exploring this place.
 F = Levels seen in this place.
 G = Mean time per level.
                   A        B        C        D        E       F      G
               +--------+--------+--------+--------+--------+-----+--------+
         Total |   5000 |   5000 |      0 |    648 |   3036 |   5 | 1000.0 |
       Dungeon |   5000 |   5000 |      0 |    648 |   3036 |   5 | 1000.0 |
               +--------+--------+--------+--------+--------+-----+--------+

Top non-repeatable levels by time:
     D:1: 1535 daAuts
     D:3: 1266 daAuts
     D:4: 1224 daAuts
     D:2: 702 daAuts
     D:5: 271 daAuts
